Map: Ever Dream LE

Players

Serral - Winner!

  • Race: Zerg Zerg
  • Spawn Location: 7:00

Rogue

  • Race: Zerg Zerg
  • Spawn Location: 1:00

Event: War Chest Team League

VOD

Have the link to the VOD?

Description

Time

  • Played on: Aug. 7, 2020, 9:26 a.m.
  • Length: 3:51
Show
View Real Time Build Order
Export as new Build Order

Serral Zerg - Winner!

Build Orders: Hatch First 

Get SALT Encoding   

  12  0:00  Drone  
  13  0:12  Overlord  
  13  0:16  Drone  
  14  0:31  Drone x2  
  16  0:47  Hatchery  
  15  0:51  Drone  
  15  0:54  Drone  
  17  1:08  Spawning Pool  
  17  1:11  Drone  
  17  1:13  Extractor  
  17  1:15  Drone  
  17  1:20  Drone  
  18  1:28  Drone  
  20  1:54  Queen  
  20  1:57  Spine Crawler  
  20  1:58  Zergling x4, Evolution Chamber  
  20  2:00  Zergling x4  
  24  2:05  Spine Crawler  
  24  2:13  Zergling x4  
  26  2:22  Zergling x2  
  13  2:48  Zergling x2  
  13  2:49  Zergling x2  
  14  2:58  Zergling x2  
  15  3:01  Zergling x2  
  15  3:04  Zergling x2  
  17  3:09  Zergling x2  
  18  3:16  Zergling x2  
  18  3:27  Zergling x2  
Show
View Real Time Build Order
Export as new Build Order

Rogue Zerg 

Build Orders: Pool Only 

Get SALT Encoding   

  12  0:18  Spawning Pool  
  12  0:21  Drone  
  12  0:25  Drone  
  13  0:30  Drone  
  14  0:39  Overlord  
  14  1:04  Zergling x2  
  14  1:05  Zergling x4  
  17  1:16  Zergling x2  
  18  1:28  Zergling x2  
  19  1:40  Zergling x2  
  20  1:52  Zergling x2  
  21  1:57  Spine Crawler x2  
  19  2:02  Zergling x2  
  20  2:11  Zergling x2  
  21  2:21  Zergling x2  
  14  2:34  Zergling x2  
  13  2:51  Zergling x2  
  14  3:05  Zergling x2  
  15  3:22  Zergling x2  
Tags
 
Add a new tag
Caveats
  • Supply blocks, unpowered buildings, or Contaminate may cause inaccurate times.
  • Supply counts are checked every 10 seconds.